Unix NetHack Version 3.7.0-86 Work-in-progress - last build May 30 2023 11:53:40 (cc98dc9aa62a9957b082a042edf5bd7ec9f632c7,branch:master). Game began 2023-06-13 17:55:39, ended 2023-06-13 18:32:00. UmberConductor, neutral female human Tourist ----- #|.{.| -|---- #####..<.| |....| ######### |.... |....| ### |...| |.....##################....| |.hi.| ----- |..@.+ ------ UmberConductor the Sightseer St:8 Dx:14 Co:18 In:14 Wi:9 Ch:12 Neutral S:414 Dlvl:4 $:465 HP:0(33) Pw:10(10) AC:5 Xp:3/66 T:1572 Latest messages: In what direction? k The dart misses the homunculus. The homunculus bites! In what direction? k The dart misses the homunculus. The homunculus bites! Are you sure you want to pray? y You begin praying to The Lady. You are surrounded by a shimmering light. The homunculus starts to attack you, but pulls back. The hobbit wields a dagger! The homunculus starts to attack you, but pulls back. The homunculus starts to attack you, but pulls back. The hobbit starts to attack you, but pulls back. You finish your prayer. You feel that The Lady is well-pleased. You feel much better. In what direction? k The dart hits the homunculus! The homunculus drinks a potion of extra healing! The homunculus looks much better. The hobbit thrusts her dagger. The hobbit hits! In what direction? k The dart hits the homunculus. The homunculus bites! The hobbit thrusts her dagger. The hobbit hits! In what direction? k The dart hits the homunculus. The homunculus bites! The hobbit thrusts her dagger. The hobbit hits! In what direction? k The dart hits the homunculus. The homunculus misses! The hobbit thrusts her dagger. The hobbit hits! In what direction? k The dart hits the homunculus. The homunculus bites! The hobbit thrusts her dagger. The hobbit hits! In what direction? k The dart misses the homunculus. The homunculus bites! The hobbit thrusts her dagger. The hobbit hits! You die... Do you want to see the dungeon overview? q Inventory: Coins ('$') $ - 465 gold pieces Weapons (')') a - 4 uncursed +2 darts (at the ready) m - 8 uncursed greased +0 darts n - 35 uncursed +0 darts p - 9 uncursed +1 darts A - 10 cursed +0 darts F - an uncursed +0 elven dagger (alternate weapon; not wielded) P - an uncursed +2 dart Q - an uncursed +0 sling Armor ('[') j - an uncursed +0 Hawaiian shirt with a flamingo motif (being worn) H - a blessed +0 elven mithril-coat (being worn) L - an uncursed +0 dwarvish cloak M - a cursed -1 pair of fumble boots N - an uncursed +0 pair of elven boots O - an uncursed +0 pair of low boots Comestibles ('%') b - 2 uncursed oranges c - 4 uncursed tripe rations d - 4 uncursed food rations v - 3 uncursed food rations x - an uncursed sprig of wolfsbane I - a cursed egg Scrolls ('?') h - 2 uncursed scrolls of magic mapping i - 2 blessed scrolls of magic mapping w - an uncursed scroll of teleportation y - an uncursed scroll of charging Potions ('!') t - a blessed potion of invisibility B - an uncursed potion of healing Rings ('=') J - an uncursed ring of poison resistance Tools ('(') k - a cursed skeleton key q - an uncursed expensive camera (0:62) s - an uncursed stethoscope D - an uncursed credit card G - an uncursed bell UmberConductor the Tourist's attributes: Background: You were a Sightseer, a level 3 female human Tourist. You were neutral, on a mission for The Lady who was opposed by Blind Io (lawful) and Offler (chaotic). You were in the Dungeons of Doom, on level 4. You entered the dungeon 1572 turns ago. You had 66 experience points, 14 more were needed to attain level 4. Your score was 414 before end-of-game adjustments. Basics: You had 0 out of 33 hit points. You had all 10 energy points (spell power). Your armor class was 5. Your wallet contained 465 zorkmids. Autopickup was on for '$"?+!=/' plus thrown, with exceptions. Final Characteristics: Your strength was 8 (limit:18/100). Your dexterity was 14 (limit:18). Your constitution was 18 (limit:18). Your intelligence was 14 (limit:18). Your wisdom was 9 (limit:18). Your charisma was 12 (limit:18). Final Status: You were not hungry. You were unencumbered. You were bare handed. You were unskilled in bare handed combat. Final Attributes: You were devoutly aligned. You were guarded. You are dead. Miscellaneous: You never encountered a bones level. Total elapsed playing time was 36 minutes and 21 seconds. Major events: Turn 1: UmberConductor the neutral female human Tourist entered the dungeon 854: entered the Gnomish Mines 1056: attained the rank of Sightseer (level 3) 1572: killed by a hobbit Vanquished creatures: a little dog a floating eye a dwarf zombie 2 hobbits a giant rat 2 yellow molds 2 geckos 2 kobolds a goblin a sewer rat a grid bug a bat 5 lichens a kobold zombie 2 newts 24 creatures vanquished. No species were genocided or became extinct. Voluntary challenges: You never hit with a wielded weapon. You were illiterate. You never engraved Elbereth. You never genocided any monsters. You never polymorphed an object. You never changed form. You used no wishes. Achievements: You entered the Gnomish Mines. You attained the rank of Sightseer. You entered a shop. The Dungeons of Doom: levels 1 to 4 Level 1: A fountain. Level 2: Stairs down to The Gnomish Mines. Level 3: An armor shop, many fountains, a grave. Level 4: <- You were here. A fountain. Final resting place for you, killed by a hobbit. The Gnomish Mines: Level 3: Game over: ---------- / \ / REST \ / IN \ / PEACE \ / \ | UmberConductor | | 465 Au | | killed by a | | hobbit | | | | | | 2023 | *| * * * | * _________)/\\_//(\/(/\)/\//\/|_)_______ Aloha UmberConductor the Tourist... You died in The Dungeons of Doom on dungeon level 4 with 414 points, and 465 pieces of gold, after 1572 moves. You were level 3 with a maximum of 33 hit points when you died.